 Dungeon Crawl Stone Soup version 0.30.0-5-g1a98f26d00 (webtiles) character file.

Game seed: 2264334796925285945

12073 zlionsfan the Grappler (level 11, -3/95 HPs)
             Began as a Hill Orc Transmuter on May 8, 2023.
             Was a Follower of Nemelex Xobeh.
             Slain by a wyvern (12 damage)
             ... on level 3 of the Lair of Beasts.
             The game lasted 00:31:59 (9856 turns).

zlionsfan the Grappler (Hill Orc Transmuter)        Turns: 9856, Time: 00:32:00

Health: -3/95      AC:  3    Str: 21    XL:     11   Next: 87%
Magic:  15/17      EV: 12    Int: 13    God:    Nemelex Xobeh [*.....]
Gold:   569        SH:  0    Dex: 11    Spells: 11/18 levels left

rFire   . .          .
                       - Unarmed
rCold   . . .        (no shield)
rNeg    . . .        B - +0 leather armour "Jaupuwk" {Regen+ Str+3}
rPois   .            y - melded +2 helmet
rElec   .            (no cloak)
rCorr   .            (no gloves)
SInv    .            (boots currently unavailable)
Will    .....        (no amulet)
Stlth   ++           d - +4 ring of slaying
HPRegen 1.15/turn    i - ring of wizardry
MPRegen 0.15/turn

%: wizardry (x1)
@: appendages (expiring), wereblooded, unable to read, unable to drink
A: horns 2, talons 2, inability to drink after injury 2, inability to read after
injury 2, inability to use devices, hated by all
a: End Transformation, Renounce Religion, Draw Escape, Draw Destruction, Draw
Summoning


You were on level 3 of the Lair of Beasts.
You worshipped Nemelex Xobeh.
Nemelex Xobeh was aware of your devotion.
You had temporarily grown beastly horns and talons.
You visited 3 branches of the dungeon, and saw 13 of its levels.

You collected 569 gold pieces.

Inventory:

Hand Weapons
 a - a +1 great sword of flaming
Missiles
 w - 3 atropa-tipped darts (quivered)
Armour
 y - a +2 helmet (melded)
 B - the +0 leather armour "Jaupuwk" (worn) {Regen+ Str+3}
   (You found it on level 7 of the Dungeon)

   Str:       It affects your strength (+3).
   Regen:     It increases your rate of health regeneration.
Jewellery
 d - a +4 ring of slaying (left hand)
 i - a ring of wizardry (right hand)
 x - a ring of see invisible
 G - a ring of protection from fire
Scrolls
 c - 5 scrolls of fog
 f - 2 scrolls of vulnerability
 g - a scroll of magic mapping {unknown}
 j - 2 scrolls of enchant weapon
 m - 2 scrolls of silence {unknown}
 n - a scroll of acquirement {unknown}
 o - 2 scrolls of teleportation
 q - 2 scrolls of brand weapon {unknown}
 s - a scroll of torment {unknown}
 t - 4 scrolls of blinking
 v - 2 scrolls of amnesia {unknown}
 z - 3 scrolls of fear {unknown}
 A - 3 scrolls of noise {unknown}
 E - 4 scrolls of enchant armour {unknown}
Potions
 b - 3 potions of lignification
 e - 3 potions of attraction {unknown}
 h - 2 potions of mutation {unknown}
 k - a potion of cancellation {unknown}
 l - a potion of heal wounds {unknown}
 p - a potion of brilliance {unknown}
 r - a potion of berserk rage {unknown}
 u - 4 potions of curing
 C - 2 potions of ambrosia {unknown}
 D - a potion of degeneration {unknown}
 F - a potion of flight {unknown}


   Skills:
 * Level 8.3 Fighting
 + Level 3.6 Armour
 + Level 3.8 Dodging
 + Level 3.6 Stealth
 * Level 13.3 Unarmed Combat
 + Level 4.3 Spellcasting
 * Level 6.0 Transmutations
 * Level 4.1 Ice Magic


You had 11 spell levels left.
You knew the following spells:

 Your Spells              Type           Power      Damage    Failure   Level
a - Beastly Appendage     Tmut           36%        N/A       1%          1
b - Wereblood             Tmut           18%        N/A       1%          2
c - Freeze                Ice            52%        1d6       1%          1
d - Frozen Ramparts       Ice            26%        1d4       5%          3

Your spell library contained the following spells:

 Spells                   Type           Power      Damage    Failure   Level
 Spider Form              Tmut/Pois      10%        N/A       9%          3
 Hailstorm                Conj/Ice       8%         3d4       12%         3
 Ignite Poison            Fire/Tmut/Pois 8%         N/A       12%         3
 Ice Form                 Ice/Tmut       16%        N/A       12%         4
 Cigotuvi's Dreadful Rot  Necr/Pois/Air  4%         N/A       14%         2
 Yara's Violent Unravell  Hex/Tmut       5%         3d4       56%         5
 Passage of Golubria      Tloc           2%         N/A       63%         4
 Sticky Flame             Conj/Fire      2%         2d3       63%         4
 Freezing Cloud           Conj/Ice/Air   3%         6-21      78%         5
 Ignition                 Fire           1%         3d3       100%        8
 Tukima's Dance           Hex            Unusable   N/A       N/A         3

Dungeon Overview and Level Annotations

Branches:
Dungeon (9/15)             Temple (1/1) D:5            Lair (3/5) D:9
 Spider (0/4) Lair:3
  Swamp: Lair:2-3    Shoals: Lair:2-3       Orc: D:9-12

Altars:
Ashenzari
Cheibriados
Dithmenos
Elyvilon
Gozag
Kikubaaqudgha
Nemelex Xobeh
Okawaru
Ru
Sif Muna
Trog
Uskayaw
Vehumet
Wu Jian
Xom
Zin
The Shining One

Shops:
D:4 (

Annotations:
D:7 3 runed translucent doors, Inkenn's ghost, novice MeFi
D:8 3 runed translucent doors, SleepySteel's ghost, novice GnWn
D:9 Gastronok


Innate Abilities, Weirdness & Mutations

You have temporarily grown beastly horns and talons.
You sometimes lose the ability to drink potions when taking damage.
You sometimes lose the ability to read scrolls when taking damage.
You cannot study or use magical devices.
You are hated by all.


Message History

The yak misses you. The yak gores you!
You feel threatened and lose the ability to read scrolls!
You draw a card...
You have drawn the Tomb.
Nothing appears to happen.
The wyvern bites you! x2
* * * LOW HITPOINT WARNING * * *
The yak barely misses you. The yak gores you!
* * * LOW HITPOINT WARNING * * *
You draw a card...
You have drawn the Storm.
A fierce wind blows from the card.
The bullfrog is knocked back by the gust of wind.
The yak is knocked back by the gust of wind.
The wyvern is knocked back by the gust of wind.
The yak is knocked back by the gust of wind. x2
The electrical discharge engulfs the wyvern!!
The wyvern is severely wounded.
You hear mighty peals of thunder!
You howl as the wereblood boils in your veins!
You hear an angry hiss.
A cane toad comes into view.
You draw a card...
You have drawn the Orb.
Press: ? - help, Shift-Dir - straight line, f - yak
Aim: a yak Your orb of destruction hits a rock wall. x5
The wyvern bites you.
* * * LOW HITPOINT WARNING * * *
The wavering orb of destruction hits the yak!
The yak is heavily wounded.
The wavering orb of destruction hits the bullfrog!
The bullfrog is severely wounded.
You barely miss the wyvern. You claw the wyvern.
The wyvern is almost dead.
The yak gores something!
The wyvern bites you.
* * * LOW HITPOINT WARNING * * *
You hit the wyvern but do no damage.
The wyvern is almost dead.
The bullfrog hits you.
* * * LOW HITPOINT WARNING * * *
The wyvern bites you!
You die...
Your body disappears without a glow.

.......
.........
#l.......
...F...P#
.......#
##Y.....#.
##l........
#@FY.......
##Y.......#
##Y.......#
#P........#
##.......##
#.......P#
.##
#........##
..#
#.........#
.# ##
#........#


You could see 4 yaks, a cane toad, a wyvern and a bullfrog.

Vanquished Creatures
  Harold (D:9)
  A black mamba (Lair:1)
  2 cane toads
  Maggie (D:8)
  A rime drake (Lair:1)
  5 komodo dragons
  A troll (D:9)
  A polar bear (Lair:2)
  4 blink frogs (Lair:1)
  A jumping spider (Lair:3)
  Sigmund (D:3)
  Eustachio (D:6)
  11 yaks
  2 basilisks
  A steam dragon (D:9)
  Duvessa (D:4)
  3 black bears
  14 water moccasins
  2 ice beasts
  13 wolves
  2 centaurs (D:8)
  3 ogres
  A phantom (D:4)
  A kobold brigand (D:8)
  6 bullfrogs
  4 scorpions
  Dowan (D:4)
  4 killer bees (D:8)
  3 orc priests
  5 jellies
  Jessica (D:3)
  A sleepcap (D:7)
  Ijyb (D:3)
  3 iguanas
  Natasha (thrice) (D:2)
  2 orc wizards
  Robin (D:5)
  8 adders
  A shadow imp (D:7)
  2 ufetubi
  A worm (D:2)
  2 dart slugs
  13 orcs
  5 endoplasms
  5 giant cockroaches
  9 goblins
  6 hobgoblins
  11 jackals
  5 quokkas
  3 ball pythons
  5 bats
  2 frilled lizards
  6 kobolds
  6 rats
199 creatures vanquished.

Vanquished Creatures (others)
  A water moccasin (D:7)
  A killer bee (D:8)
2 creatures vanquished.

Grand Total: 201 creatures vanquished

Notes
Turn   | Place    | Note
-------+----------+-------------------------------------------
     0 | D:1      | zlionsfan the Hill Orc Transmuter began the quest for the
                  | Orb.
     0 | D:1      | Reached XP level 1. HP: 16/16 MP: 3/3
   181 | D:1      | Reached XP level 2. HP: 20/23 MP: 2/4
   432 | D:1      | Reached skill level 4 in Unarmed Combat
   432 | D:1      | Reached XP level 3. HP: 17/28 MP: 3/5
   490 | D:1      | Found a faded altar of an unknown god.
   494 | D:1      | Prayed at the altar of an unknown god.
   494 | D:1      | Became a worshipper of Ru the Awakened
   506 | D:1      | Gained mutation: You are hated by all. [Ru sacrifice]
   506 | D:1      | Reached * piety under Ru
   506 | D:1      | Reached ** piety under Ru
  1177 | D:2      | Learned a level 2 spell: Wereblood
  1231 | D:2      | Noticed Natasha
  1237 | D:2      | Killed Natasha
  1238 | D:2      | Reached XP level 4. HP: 36/36 MP: 4/6
  1247 | D:2      | Noticed Natasha
  1255 | D:2      | Killed Natasha
  1455 | D:2      | Noticed Natasha
  1463 | D:2      | Killed Natasha
  1464 | D:2      | Reached XP level 5. HP: 34/41 MP: 5/7
  1694 | D:3      | Noticed Sigmund
  1707 | D:3      | Killed Sigmund
  1708 | D:3      | Reached skill level 5 in Unarmed Combat
  1708 | D:3      | Reached XP level 6. HP: 25/50 MP: 7/9
  1714 | D:3      | Found a shadowy altar of Dithmenos.
  1921 | D:3      | Noticed Jessica
  1927 | D:3      | Killed Jessica
  2341 | D:3      | Found an opulent altar of Gozag.
  2478 | D:3      | Noticed Ijyb
  2484 | D:3      | Killed Ijyb
  2870 | D:4      | Gained mutation: You occasionally lose the ability to read
                  | scrolls when taking damage. [Ru sacrifice]
  2870 | D:4      | Gained mutation: You sometimes lose the ability to read
                  | scrolls when taking damage. [Ru sacrifice]
  2870 | D:4      | Reached *** piety under Ru
  3014 | D:4      | Found a shimmering blue altar of Sif Muna.
  3043 | D:4      | Found a white marble altar of Elyvilon.
  3313 | D:4      | Noticed Dowan
  3314 | D:4      | Noticed Duvessa
  3326 | D:5      | Entered Level 5 of the Dungeon
  3352 | D:5      | Reached XP level 7. HP: 57/57 MP: 8/10
  3468 | D:5      | Noticed Robin
  3475 | D:5      | Reached skill level 6 in Unarmed Combat
  3487 | D:5      | Killed Robin
  3811 | D:5      | Found an iron altar of Okawaru.
  3859 | D:5      | Reached skill level 1 in Stealth
  4014 | D:5      | Found a staircase to the Ecumenical Temple.
  4023 | D:5      | Reached XP level 8. HP: 46/66 MP: 9/12
  4234 | D:6      | Upgraded the game from 0.30.0-3-ga4e48a9924 to
                  | 0.30.0-5-g1a98f26d00
  4413 | D:6      | Reached skill level 7 in Unarmed Combat
  4660 | D:6      | Found a glowing golden altar of the Shining One.
  4670 | D:6      | Learned a level 1 spell: Freeze
  4674 | D:6      | Learned a level 3 spell: Frozen Ramparts
  4685 | D:6      | Gained mutation: You cannot study or use magical devices.
                  | [Ru sacrifice]
  4685 | D:6      | Reached **** piety under Ru
  4685 | D:6      | Reached ***** piety under Ru
  4883 | D:6      | Reached skill level 8 in Unarmed Combat
  5045 | D:6      | Noticed Eustachio
  5456 | D:7      | Reached XP level 9. HP: 65/72 MP: 11/13
  5518 | D:7      | Identified the +0 leather armour "Jaupuwk" {Regen+ Str+3}
  5807 | D:7      | Found a runed translucent gate.
  5808 | D:7      | Found a runed translucent gate.
  5808 | D:7      | Noticed Inkenn's ghost (novice MeFi)
  5809 | D:7      | Found a runed translucent gate.
  5973 | D:8      | Noticed Maggie
  6093 | D:6      | Killed Eustachio
  6094 | D:6      | Reached skill level 5 in Fighting
  6094 | D:6      | Reached skill level 1 in Armour
  6587 | D:8      | Reached skill level 9 in Unarmed Combat
  6638 | D:8      | Reached skill level 1 in Ice Magic
  6656 | D:8      | Found an ancient bone altar of Kikubaaqudgha.
  6925 | D:9      | Reached skill level 10 in Unarmed Combat
  6953 | D:9      | Reached XP level 10. HP: 80/83 MP: 15/15
  7012 | D:9      | Noticed Gastronok
  7013 | D:9      | Found a staircase to the Lair.
  7024 | Lair:1   | Entered Level 1 of the Lair of Beasts
  7059 | Lair:1   | Reached skill level 5 in Transmutations
  7124 | Lair:1   | Reached skill level 11 in Unarmed Combat
  7160 | Lair:1   | Gained mutation: You occasionally lose the ability to drink
                  | potions when taking damage. [Ru sacrifice]
  7160 | Lair:1   | Gained mutation: You sometimes lose the ability to drink
                  | potions when taking damage. [Ru sacrifice]
  7160 | Lair:1   | Reached ****** piety under Ru
  7288 | D:9      | Noticed Harold
  7316 | D:9      | Killed Harold
  7317 | D:9      | Reached skill level 12 in Unarmed Combat
  7317 | D:9      | Reached XP level 11. HP: 67/92 MP: 16/16
  7462 | Temple   | Entered the Ecumenical Temple
  7483 | Temple   | Fell from the grace of Ru
  7483 | Temple   | Became a worshipper of Nemelex Xobeh the Trickster
  7537 | D:4      | Killed Dowan
  7544 | D:4      | Killed Duvessa
  7695 | D:4      | Found Koemuusy's Weapon Boutique.
  8105 | D:8      | Killed Maggie
  8175 | D:8      | Found a runed translucent gate.
  8175 | D:8      | Found a runed translucent gate.
  8175 | D:8      | Found a runed translucent gate.
  8177 | D:8      | Found an opulent altar of Gozag.
  8179 | D:8      | Noticed a two-headed ogre
  8179 | D:8      | Noticed SleepySteel's ghost (novice GnWn)
  9164 | Lair:2   | Reached skill level 13 in Unarmed Combat
  9240 | Lair:2   | Reached * piety under Nemelex Xobeh
  9496 | Lair:2   | Received a gift from Nemelex Xobeh
  9708 | Lair:3   | Found a hole to the Spider Nest.
  9856 | Lair:3   | Slain by a wyvern

Illustrated notes

Levels and vault maps discovered:
D:1:      wander_arrival_peaceful_grave, layout_loops_corners,
          basic_ecumenical_altar, serial_park_tiny_1, serial_bayou_pond_a,
          minmay_pentomino_v2
D:2:      layout_loops_ring, uniq_natasha
D:3:      layout_loops_corners, mainiacjoe_overflow_six_doors_small,
          old_standard_altar, uniq_jessica, uniq_ijyb, uniq_sigmund
D:4:      layout_loops_ring, mainiacjoe_overflow_two_lobes, serial_shops,
          nicolae_diamond_shop, hex_tiny, uniq_duvessa
D:5:      layout_cave_pools, okawaru_trees_2, minmay_temple_entry_junction,
          nicolae_goblin_pals
D:6:      layout_basic, nicolae_tso_carved_into_rock, dreamdust_princess_bridge,
          hangedman_decor_growths, mumra_transporter_accident, uniq_eustachio
D:7:      layout_rooms, biasface_ghost_orc_armoury
D:8:      layout_cave_pods, kiku_gazebo_pond_becter, ebering_ghost_gozag,
          kennysheep_generic_room_6, uniq_maggie
D:9:      layout_roguey, kennysheep_mini, due_lair_maze_entry_diamond,
          uniq_gastronok, uniq_harold
Temple:   nicolae_temple_ecumenical_triangle
Lair:1:   layout_misc_corridors
Lair:2:   layout_chaotic_city, lemuel_fruit_fields, lemuel_fruit_tree
Lair:3:   layout_hall_layers, palyth_hydra_swamp_entry, spider_nest_entry_a,
          grunt_megastairs_2

Skill      XL: |  1  2  3  4  5  6  7  8  9 10 11 |
---------------+----------------------------------+-----
Unarmed Combat | 4 5 6 8 10 12 13 | 13.3
Transmutations | 2 3 4 5 6 |  6.0
Fighting       | 2 3 4 6 7 8 |  8.3
Dodging        | 2 3 |  3.8
Spellcasting   | 2 3 4 |  4.3
Stealth        | 1 2 3 |  3.6
Armour         | 2 3 |  3.6
Ice Magic      | 1 3 4 |  4.1

Action                     |  1- 3 |  4- 6 |  7- 9 | 10-12 || total
---------------------------+-------+-------+-------+-------++-------
  Melee: Unarmed           |    69 |    77 |   184 |   202 ||   532
         Headbutt          |    12 |     6 |    25 |    34 ||    77
         Kick              |    12 |    15 |    51 |    67 ||   145
         Punch             |     3 |       |     7 |    10 ||    20
  Throw: Dart              |       |       |     1 |     1 ||     2
   Cast: Beastly Appendage |    20 |    21 |    35 |    32 ||   108
         Freeze            |       |       |     4 |       ||     4
         Wereblood         |       |       |       |     5 ||     5
         Frozen Ramparts   |       |       |       |     2 ||     2
 Invoke: Sacrifice Love    |     1 |       |       |       ||     1
         Sacrifice Words   |       |     1 |       |       ||     1
         Draw Out Power    |       |       |     1 |       ||     1
         Sacrifice Artific |       |       |     1 |       ||     1
         Sacrifice Drink   |       |       |       |     1 ||     1
         Draw Destruction  |       |       |       |     2 ||     2
         Draw Escape       |       |       |       |     1 ||     1
    Use: Scroll            |       |       |     7 |     2 ||     9
   Stab: Distracted        |       |     1 |     2 |     1 ||     4
         Sleeping          |       |     1 |     1 |     5 ||     7
         Paralysed         |       |       |     2 |     5 ||     7
 Armour: Robe              |    18 |     5 |    10 |       ||    33
         Leather armour    |       |       |     7 |    18 ||    25
  Dodge: Dodged            |    32 |    37 |    79 |    74 ||   222
